 Dungeon Crawl Stone Soup version 0.21-a0-396-ga924934 (webtiles) character file.

159 4thArraOfDagon the Ruffian (level 4, 1/38 HPs)
             Began as a Demigod Fighter on Oct 18, 2017.
             Quit the game on level 5 of the Dungeon on Oct 19, 2017.
             The game lasted 00:05:44 (1269 turns).

4thArraOfDagon the Ruffian (Demigod Fighter)        Turns: 1269, Time: 00:05:44

Health: 1/38       AC:  6    Str: 19      XL:     4   Next: 95%
Magic:  6/6        EV:  9    Int: 13 (14) God:
Gold:   66         SH:  0    Dex: 12 (15) Spells: 3/3 levels left

rFire    + . .     SeeInvis .     - Unarmed
rCold    . . .     Gourm    .   (no shield)
rNeg     . . .     Faith    .   a - +0 scale mail
rPois    .         Spirit   .   (no helmet)
rElec    .         Reflect  .   (no cloak)
rCorr    .         Harm     .   (no gloves)
MR       .....                  (no boots)
Stlth    ..........             (no amulet)
HPRegen  0.12/turn              e - ring of protection from fire
MPRegen  0.10/turn              (no ring)

@: lethally poisoned (1 -> -8)
A: high mp 1
a: no special abilities


You were on level 5 of the Dungeon.
You were not hungry.

You visited 1 branch of the dungeon, and saw 5 of its levels.

You collected 66 gold pieces.

Inventory:

Hand Weapons
 j - a +6 club
Armour
 a - a +0 scale mail (worn)
 f - a +0 ring mail
 k - a +2 robe of fire resistance
Jewellery
 e - a ring of protection from fire (left hand)
Wands
 b - a wand of flame (17/48)
Scrolls
 g - 2 scrolls of remove curse
 h - 2 scrolls of amnesia
Potions
 i - a potion of degeneration
Comestibles
 d - a bread ration


   Skills:
 - Level 3.2 Fighting
 - Level 1.1 Maces & Flails
 - Level 2.6 Armour
   Level 2.6 Shields
 * Level 4.3 Unarmed Combat


You had 3 spell levels left.
You didn't know any spells.

Dungeon Overview and Level Annotations

Branches:
Dungeon (5/15)
 Temple: D:4-7


Innate Abilities, Weirdness & Mutations

You have an increased reservoir of magic. (+10% MP)


Message History

You kill the worker ant!
* * * LOW HITPOINT WARNING * * *
You feel sick.
Unknown command.
* * * LOW HITPOINT WARNING * * *
You feel sick.
You see here a worker ant corpse.
* * * LOW HITPOINT WARNING * * *
You feel sick.
* * * LOW HITPOINT WARNING * * *
You feel sick.
* * * LOW HITPOINT WARNING * * *
You feel sick.
* * * LOW HITPOINT WARNING * * *
You feel sick.
* * * LOW HITPOINT WARNING * * *
You feel sick.
* * * LOW HITPOINT WARNING * * *
You feel sick.
Are you sure you want to abandon this character and quit the game? (Confirm with "yes".)

...# ##.. ##... ...P
....# #..# ....##
#..# ...... #..#
..... #.@#######
..... #.........
....#
#+#######......###
....#
#.##.....#####.#
....###..+†....# #
####.a...#.....#
####.....#<†.###
.........############
.........# .........#


There were no monsters in sight!

Vanquished Creatures
  A water moccasin zombie (D:5)
  Jessica (D:3)
  A worker ant (D:5)
  2 adders (D:2)
  An ooze (D:2)
  A worm (D:2)
  2 leopard geckos
  2 orcs (D:4)
  3 giant cockroaches
  2 goblins (D:3)
  6 hobgoblins
  2 bats
  A frilled lizard (D:3)
  2 rats (D:3)
27 creatures vanquished.

Notes
Turn   | Place    | Note
-------+----------+-------------------------------------------
     0 | D:1      | 4thArraOfDagon the Demigod Fighter began the quest for the Orb.
     0 | D:1      | Reached XP level 1. HP: 18/18 MP: 3/3
    34 | D:1      | Reached skill level 2 in Unarmed Combat
   185 | D:2      | Reached XP level 2. HP: 10/26 MP: 4/4
   294 | D:3      | Found a hazy altar of Hepliaklqana.
   302 | D:3      | Found a sparkling altar of Nemelex Xobeh.
   374 | D:4      | Noticed an ogre
   441 | D:3      | Noticed Jessica
   484 | D:3      | Killed Jessica
   484 | D:3      | Reached skill level 3 in Unarmed Combat
   484 | D:3      | Reached XP level 3. HP: 22/31 MP: 5/5
   556 | D:2      | Reached skill level 1 in Maces & Flails
   723 | D:5      | Entered Level 5 of the Dungeon
   815 | D:4      | HP: 1/31 [worm (7)]
   826 | D:4      | Noticed a phantom
   827 | D:4      | HP: 1/31 [giant cockroach (1)]
   830 | D:4      | Noticed a bullfrog
  1042 | D:5      | Reached skill level 4 in Unarmed Combat
  1042 | D:5      | Reached XP level 4. HP: 4/38 MP: 6/6
  1166 | D:5      | Upgraded the game from 0.21-a0-394-gdc75ea7 to 0.21-a0-396-ga924934
  1268 | D:5      | HP: 1/38 [poisoned by a worker ant]
  1269 | D:5      | Quit the game

Vault maps used:
D:1:      eino_arrival_tree_alley, minmay_misc_feat_tower
D:2:      minmay_wonky_spiral, nicolae_overflow_hidden_temple
D:3:      lemuel_crystal_altar, nemelex_xobeh_ov_fountains_minmay, minivault_26,
          uniq_jessica
D:4:      first_bread, tso_metal_star, uniq_blork_the_orc
D:5:      corexii_shack_village, minmay_temple_entry_enclosed_plants,
          serial_shops, nicolae_shop_trees

Skill      XL: |  1  2  3 |
---------------+----------+-----
Unarmed Combat | 2 3 4 |  4.3
Fighting       | 3 |  3.2
Maces & Flails | 1 |  1.1
Armour         | |  2.6
Shields        | |  2.6

Action                   |  1- 3 |  4- 6 || total
-------------------------+-------+-------++-------
Melee: Unarmed           |   133 |    11 ||   144
       Club              |     2 |       ||     2
       Punch             |       |     1 ||     1
  Use: Potion            |     4 |       ||     4
       Scroll            |     3 |       ||     3
  Eat: Meat ration       |       |     1 ||     1
Armor: Scale mail        |    50 |     5 ||    55
Dodge: Dodged            |    61 |     5 ||    66

Table legend:
 A = Spawn XP
 B = Non-spawn XP
 C = Spawn XP percentage of total XP
 D = Spawn monster count
 E = Non-spawn monster count
 F = Spawn count percentage of total count
 G = Total turns spent on level
                    A         B        C        D         E        F      G
               +---------+---------+-------+---------+---------+-------+---------
         Total |       0 |     228 |   0.0 |       0 |      27 |   0.0 |  1269
               +---------+---------+-------+---------+---------+-------+---------
           D:1 |       0 |       8 |   0.0 |       0 |       4 |   0.0 |   150
           D:2 |       0 |      41 |   0.0 |       0 |       6 |   0.0 |    81
           D:3 |       0 |      55 |   0.0 |       0 |      11 |   0.0 |   434
           D:4 |       0 |       6 |   0.0 |       0 |       2 |   0.0 |    86
           D:5 |       0 |     118 |   0.0 |       0 |       4 |   0.0 |   518
               +---------+---------+-------+---------+---------+-------+---------
